 Dungeon Crawl Stone Soup version 0.30-a0-341-g682706514a (webtiles) character file.

Game seed: 17305155241474378685

371 retardedninja the Trooper (level 6, -1/56 HPs)
             Began as a Hill Orc Fighter on Nov 1, 2022.
             Slain by a gnoll
             ... wielding a +1 spear of venom
              (4 damage)
             ... on level 5 of the Dungeon.
             The game lasted 00:05:33 (3941 turns).

retardedninja the Trooper (Hill Orc Fighter)        Turns: 3941, Time: 00:05:34

Health: -1/56      AC:  7    Str: 21    XL:     6   Next: 71%
Magic:  6/6        EV:  9    Int:  8    God:
Gold:   947        SH:  4    Dex: 10    Spells: 5/5 levels left

rFire   . . .      SeeInvis .    a - +3 war axe
rCold   . . .      Faith    .    c - +0 buckler
rNeg    . . .      Spirit   .    b - +0 scale mail
rPois   .          Reflect  .    (no helmet)
rElec   .          Harm     .    (no cloak)
rCorr   .          Rampage  .    (no gloves)
Will    .....                    (no boots)
Stlth   ..........               (no amulet)
HPRegen 0.29/turn                (no ring)
MPRegen 0.10/turn                (no ring)

@: mighty, brilliant, lethally poisoned (-1 -> -7)
A: no striking features
a: no special abilities


You were on level 5 of the Dungeon.
You visited 1 branch of the dungeon, and saw 5 of its levels.

You collected 947 gold pieces.

Inventory:

Hand Weapons
 a - a +3 war axe (weapon)
Armour
 b - a +0 scale mail (worn)
 c - a +0 buckler (worn)
Jewellery
 e - a ring of flight
 h - a +4 ring of slaying
 r - an amulet of regeneration
Scrolls
 i - 2 scrolls of immolation {unknown}
 m - 2 scrolls of noise
 p - a scroll of poison
 s - a scroll of fog
 w - a scroll of amnesia {unknown}
Potions
 j - 2 potions of mutation
 k - 4 potions of cancellation
 n - 2 potions of attraction


   Skills:
 + Level 5.3 Fighting
 + Level 5.1 Axes
 + Level 4.9 Armour
 + Level 4.8 Shields


You had 5 spell levels left.
You didn't know any spells.
Your spell library contained the following spells:

 Spells                   Type           Power      Damage    Failure   Level
 Apportation              Tloc           0%         N/A       82%         1
 Necrotise                Necr           0%         1d4       82%         1
 Summon Small Mammal      Summ           0%         N/A       82%         1
 Hailstorm                Conj/Ice       0%         3d3       99%         3
 Ignite Poison            Fire/Tmut/Pois 0%         N/A       99%         3
 Kindle Blastsparks       Fire/Tloc/Air  0%         2d10      99%         3
 Ice Form                 Ice/Tmut       0%         N/A       100%        4
 Freezing Cloud           Conj/Ice/Air   0%         6-21      100%        5
 Simulacrum               Ice/Necr       0%         N/A       100%        6


Dungeon Overview and Level Annotations

Branches:
Dungeon (5/15)
 Temple: D:4-7

Altars:
Elyvilon


Message History

The gnoll attacks as you move away! The gnoll hits you with a +0 whip!
* * * LOW HITPOINT WARNING * * *
You feel sick. The gnoll attacks as you move away!
The gnoll hits you with a +0 whip!
* * * LOW HITPOINT WARNING * * *
You feel sick.
You feel better. The gnoll hits you with a +0 whip.
* * * LOW HITPOINT WARNING * * *
The gnoll hits you from afar with a +1 spear of venom.
* * * LOW HITPOINT WARNING * * *
You are lethally poisoned!
It was a potion of brilliance.
You feel clever all of a sudden.
* * * LOW HITPOINT WARNING * * *
You feel very sick. The gnoll closely misses you. x3
It was a potion of heal wounds.
You feel much better.
You feel sick. The gnoll closely misses you. The gnoll hits you with a +0 whip.
The gnoll hits you from afar with a +1 spear of venom.
You are more poisoned.
You feel very mighty all of a sudden.
* * * LOW HITPOINT WARNING * * *
You feel very sick. The gnoll hits you with a +0 whip.
* * * LOW HITPOINT WARNING * * *
The gnoll barely misses you. The gnoll closely misses you.
You barely miss the gnoll.
The gnoll is severely wounded.
* * * LOW HITPOINT WARNING * * *
You feel very sick. The gnoll closely misses you.
The gnoll hits you but does no damage. You block the gnoll's attack.
Unknown command.
You slash the gnoll!
You kill the gnoll!
* * * LOW HITPOINT WARNING * * *
You feel very sick. The gnoll closely misses you.
The gnoll hits you from afar with a +1 spear of venom.
You die...

....#####
#.......
#...[... #......
#...... #....!#
#....†#
#.....########
#.....g)@....##
#.....g####...#
#...#####
##..###### ...##
###.>...... .#
######...)......
#...|....<......
#.######.......#
##.# ##.....###
##..# ##.###.##


You could see 2 gnolls.

Vanquished Creatures
  An ice beast (D:5)
  A howler monkey (D:5)
  2 hounds (D:5)
  4 orc wizards (D:4)
  A gnoll (D:5)
  2 adders
  A dart slug (D:2)
  2 orcs
  7 ball pythons
  6 endoplasms
  A giant cockroach (D:1)
  6 hobgoblins
  9 jackals
  3 quokkas
  8 bats
  4 frilled lizards
  9 goblins
  2 kobolds
  3 rats
72 creatures vanquished.

Vanquished Creatures (others)
  11 plants (D:2)
11 creatures vanquished.

Grand Total: 83 creatures vanquished

Notes
Turn   | Place    | Note
-------+----------+-------------------------------------------
     0 | D:1      | retardedninja the Hill Orc Fighter began the quest for the
                  | Orb.
     0 | D:1      | Reached XP level 1. HP: 19/19 MP: 1/1
   204 | D:1      | Reached XP level 2. HP: 25/27 MP: 2/2
   646 | D:1      | Reached XP level 3. HP: 33/33 MP: 3/3
  1055 | D:2      | Found a faded altar of an unknown god.
  1106 | D:2      | Reached XP level 4. HP: 15/40 MP: 4/4
  2147 | D:3      | Found a white marble altar of Elyvilon.
  2500 | D:3      | Identified a scroll of acquirement
  2500 | D:3      | Acquired 778 gold pieces
  2933 | D:4      | Reached XP level 5. HP: 19/47 MP: 5/5
  3678 | D:5      | Entered Level 5 of the Dungeon
  3704 | D:5      | Noticed an ice beast
  3715 | D:5      | Killed an ice beast
  3716 | D:5      | Reached skill level 5 in Fighting
  3716 | D:5      | Reached XP level 6. HP: 39/56 MP: 6/6
  3785 | D:5      | Reached skill level 5 in Axes
  3941 | D:5      | Slain by a gnoll

Illustrated notes

Levels and vault maps discovered:
D:1:      onia_arrival_mini_spirals, layout_loops_ring
D:2:      layout_basic, shapermc_ecumenical_altar_gd, dk_vineyard_3,
          serial_bayou_lagoon_a, amcnicky_mini_corridor_feature, corner_web_ring
D:3:      layout_rooms, elyvilon_altar_3, hangedman_decor_points,
          minmay_ruptured
D:4:      layout_cave_pods
D:5:      layout_layer_cave, old_standard_altar,
          mainiacjoe_overflow_cross_hatched, mainiacjoe_overflow_alcove_4

Skill      XL: |  1  2  3  4  5  6 |
---------------+-------------------+-----
Axes           | 3 4 5 |  5.1
Fighting       | 4 5 |  5.3
Armour         | 4 |  4.9
Shields        | 4 |  4.8

Action                   |  1- 3 |  4- 6 || total
-------------------------+-------+-------++-------
Melee: War axe           |   104 |    83 ||   187
  Use: Scroll            |       |    11 ||    11
       Potion            |       |     8 ||     8
Armor: Scale mail        |    49 |    40 ||    89
Dodge: Dodged            |    57 |    42 ||    99
Block: Buckler           |    34 |    24 ||    58

Table legend: (Time is in decaauts)
 A = Elapsed time spent in this place.
 B = Non-inter-level travel time spent in this place.
 C = Inter-level travel time spent in this place.
 D = Time resting spent in this place.
 E = Time spent auto-exploring this place.
 F = Levels seen in this place.
 G = Mean time per level.
                   A        B        C        D        E       F      G
               +--------+--------+--------+--------+--------+-----+--------+
         Total |   4018 |   3905 |    113 |   1006 |   2378 |   5 |  803.6 |
       Dungeon |   4018 |   3905 |    113 |   1006 |   2378 |   5 |  803.6 |
               +--------+--------+--------+--------+--------+-----+--------+

Top non-repeatable levels by time:
     D:4: 1161 daAuts
     D:2: 900 daAuts
     D:3: 844 daAuts
     D:1: 840 daAuts
     D:5: 270 daAuts
